 Dungeon Crawl Stone Soup version 0.24-a0-181-gd121a6d (webtiles) character file.

Game seed: 8022018001778309652

100 Dfrag the Firebug (level 4, -1/30 HPs)
             Began as a Demonspawn Fire Elementalist on Mar 14, 2019.
             Slain by a goblin
             ... wielding a +0 club
              (4 damage)
             ... on level 2 of the Dungeon.
             The game lasted 00:02:31 (1374 turns).

Dfrag the Firebug (Demonspawn Fire Elementalist)    Turns: 1374, Time: 00:02:32

Health: -1/30      AC:  2    Str:  9    XL:     4   Next: 46%
Magic:  1/8        EV: 12    Int: 17    God:
Gold:   94         SH:  0    Dex: 13    Spells: 8/9 levels left

rFire    . . .     SeeInvis .   (no weapon)
rCold    . . .     Gourm    .   (no shield)
rNeg     . . .     Faith    .   a - +0 robe
rPois    .         Spirit   .   (no helmet)
rElec    .         Reflect  .   (no cloak)
rCorr    .         Harm     .   (no gloves)
MR       .....                  (no boots)
Stlth    ++........             (no amulet)
HPRegen  0.10/turn              (no ring)
MPRegen  0.11/turn              (no ring)

@: no status effects
A: hooves 1
a: no special abilities


You were on level 2 of the Dungeon.
You were not hungry.

You visited 1 branch of the dungeon, and saw 2 of its levels.

You collected 94 gold pieces.

Inventory:

Armour
 a - a +0 robe (worn)
Scrolls
 b - 4 scrolls of teleportation {unknown}
 d - a scroll of identify {unknown}
 e - a scroll of enchant armour {unknown}
 f - a scroll of remove curse {unknown}
 g - 3 scrolls of enchant weapon {unknown}
 l - a scroll of immolation {unknown}
Potions
 h - a potion of flight {unknown}
 i - a potion of ambrosia {unknown}
 j - a potion of might {unknown}
 k - 2 potions of brilliance {unknown}
 n - 2 potions of curing
Comestibles
 c - 4 rations
 m - a chunk of flesh


   Skills:
 - Level 1.7 Dodging
 - Level 1.7 Stealth
 + Level 3.0 Spellcasting
 + Level 2.5 Conjurations
 + Level 3.5 Fire Magic


You had 8 spell levels left.
You knew the following spells:

 Your Spells              Type           Power        Failure   Level  Hunger
a - Flame Tongue          Conj/Fire      ##...        4%          1    None

Your spell library contained the following spells:

 Spells                   Type           Power        Failure   Level  Hunger
 Throw Flame              Conj/Fire      ##....       8%          2    ##.....
 Conjure Flame            Conj/Fire      ##......     16%         3    ###....
 Inner Flame              Hex/Fire       #.......     26%         3    ###....
 Sticky Flame             Conj/Fire      ##......     45%         4    ####...
 Fireball                 Conj/Fire      ##........   80%         5    ######.


Dungeon Overview and Level Annotations

Branches:
Dungeon (2/15)

Altars:


Innate Abilities, Weirdness & Mutations

You have large cloven feet.


Message History

You feel sick.
Casting: Flame Tongue (safe; 4% risk of failure)
Confirm with . or Enter, or press ? or * to list all spells.
Aiming: Flame Tongue (safe; 4% risk of failure)
Press: ? - help, Shift-Dir - straight line, f/p - goblin
Aim: a goblin, wielding a +0 club (heavily wounded)
The flame tongue hits the goblin.
The goblin is severely wounded.
The goblin hits you with a +0 club.
* * * LOW HITPOINT WARNING * * *
You hit the goblin.
The goblin is almost dead.
The goblin hits you with a +0 club.
* * * LOW HITPOINT WARNING * * *
You closely miss the goblin.
The goblin is almost dead.
You feel sick.
You are no longer poisoned.
The goblin hits you with a +0 club.
You die...

### #.##### #...[..
#.##### #.#....
########## ##.#.###
#...@....# #.....#.
#....g...# ##.#..#.
#........########..#.
#..................##
#........#.........##
#....†...#.........##
######[..............
#).##.........##
#..##.........##


You could see a goblin.

Vanquished Creatures
  5 adders (D:2)
  A worm (D:2)
  2 dart slugs (D:2)
  2 leopard geckos
  2 ball pythons
  2 giant cockroaches (D:1)
  6 goblins
  5 hobgoblins
  3 jackals (D:1)
  8 bats
  A frilled lizard (D:2)
  4 kobolds
  2 rats (D:1)
43 creatures vanquished.

Notes
Turn   | Place    | Note
-------+----------+-------------------------------------------
     0 | D:1      | Dfrag the Demonspawn Fire Elementalist began the quest for
                  | the Orb.
     0 | D:1      | Reached XP level 1. HP: 13/13 MP: 3/3
   372 | D:1      | Gained mutation: You have large cloven feet. [demonic
                  | ancestry]
   372 | D:1      | Reached XP level 2. HP: 19/19 MP: 3/5
   823 | D:2      | Reached XP level 3. HP: 24/24 MP: 0/6
  1181 | D:2      | Reached XP level 4. HP: 17/30 MP: 5/8
  1374 | D:2      | Slain by a goblin

Levels and vault maps discovered:
D:1:      saegor_arrival_simple_c, layout_basic, interstate_on_off
D:2:      layout_basic, first_ration

Skill      XL: |  1  2  3  4 |
---------------+-------------+-----
Fire Magic     | 3 |  3.5
Conjurations   | 2 |  2.5
Spellcasting   | 3 |  3.0
Dodging        | |  1.7
Stealth        | |  1.7

Action                   |  1- 3 |  4- 6 || total
-------------------------+-------+-------++-------
Melee: Unarmed           |    29 |     2 ||    31
       Kick              |     5 |       ||     5
 Cast: Flame Tongue      |    60 |    21 ||    81
  Use: Potion            |     1 |       ||     1
  Eat: Chunk             |     1 |     1 ||     2
Armor: Robe              |    11 |       ||    11
Dodge: Dodged            |    46 |     9 ||    55

Table legend:
 A = Non-vault XP
 B = Vault XP
 C = Vault XP percentage of total XP
 D = Non-vault monster count
 E = Vault monster count
 F = Vault count percentage of total count
                 A         B        C        D         E       F
            +---------+---------+-------+---------+---------+-------
      Total |     143 |       0 |   0.0 |      43 |       0 |   0.0
            +---------+---------+-------+---------+---------+-------
        D:1 |      38 |       0 |   0.0 |      21 |       0 |   0.0
        D:2 |     105 |       0 |   0.0 |      22 |       0 |   0.0
            +---------+---------+-------+---------+---------+-------
